 Dungeon Crawl Stone Soup version 0.28-a0-1412-gf95308ed99 (webtiles) character file.

Game seed: 6993692772209106031

27 croobank the Skirmisher (level 2, -18/24 HPs)
             Began as a Demonspawn Abyssal Knight on Jan 7, 2022.
             Was a Follower of Lugonu.
             Killed by an exploding jackal (24 damage)
             ... ignited by their inner flame
             ... on level 1 of the Dungeon.
             The game lasted 00:03:07 (376 turns).

croobank the Skirmisher (Demonspawn Abyssal Knight)  Turns: 376, Time: 00:03:07

Health: -18/24     AC:  5    Str: 13    XL:     2   Next: 93%
Magic:  4/4        EV: 11    Int: 11    God:    Lugonu [*.....]
Gold:   18         SH:  0    Dex: 13    Spells: 1/1 levels left

rFire   . . .      SeeInvis .   a - +1 hand axe
rCold   . . .      Faith    .   (no shield)
rNeg    . . .      Spirit   .   b - +0 leather armour
rPois   .          Reflect  .   (no helmet)
rElec   .          Harm     .   (no cloak)
rCorr   .          Rampage  .   (no gloves)
Will    .....                   (no boots)
Stlth   +.........              (no amulet)
HPRegen 0.08/turn               (no ring)
MPRegen 0.09/turn               (no ring)

@: no status effects
A: thin metallic scales 1
a: Renounce Religion, Depart the Abyss


You were on level 1 of the Dungeon.
You worshipped Lugonu.
Lugonu was aware of your devotion.
You visited 1 branch of the dungeon, and saw 1 of its levels.
You visited the Abyss 1 time.

You collected 18 gold pieces.

Inventory:

Hand Weapons
 a - a +1 hand axe (weapon)
Missiles
 c - 26 arrows
 f - 13 stones
Armour
 b - a +0 leather armour (worn)
 e - a +0 chain mail


   Skills:
 + Level 3.2 Fighting
 + Level 2.1 Axes
 + Level 2.1 Armour
 + Level 1.3 Dodging
 + Level 3.0 Invocations


You had one spell level left.
You didn't know any spells.
Your spell library was empty.

Dungeon Overview and Level Annotations

Branches:
Dungeon (1/15)

Altars:


Innate Abilities, Weirdness & Mutations

You are partially covered in thin metallic scales. (AC +2)


Message History

You hit the jackal.
The jackal is moderately wounded.
The jackal bites you.
You barely miss the jackal.
The jackal is moderately wounded.
The jackal closely misses you.
The jackal bites you but does no damage.
You barely miss the jackal.
The jackal is lightly wounded.
The jackal bites you.
* * * LOW HITPOINT WARNING * * *
The jackal bites you but does no damage.
You aren't carrying any potions.
Okay, then.
As you read the scroll labelled VEOCAK YLYSM, it crumbles to dust.
The creatures around you are filled with an inner flame!
It was a scroll of immolation.
The jackal bites you.
* * * LOW HITPOINT WARNING * * *
The jackal misses you.
A giant cockroach comes into view.
The jackal bites you but does no damage.
The giant cockroach barely misses you. The jackal barely misses you.
The jackal barely misses you. The jackal misses you.
You closely miss the jackal.
The jackal is lightly wounded.
The jackal barely misses you.
The jackal bites you but does no damage.
You hit the jackal.
Flame seeps out of the jackal.
The jackal is severely wounded.
The jackal is engulfed in blazing flames.
Lugonu accepts your kill.
The jackal explodes!
The fiery explosion engulfs the giant cockroach!!!
You kill the giant cockroach!
Lugonu accepts your kill. The fiery explosion engulfs you!!
Ouch! That really hurt!
You die...

..# #...#......... ..##
#............. #..##
#.... .. ....# #...# ..
.##.###...## .#
...........# .#
####....##.### .## ##
##.K.##...####..##### .#
#..#...##.K§○@......#
.###.####..#####§......#
..lw.......... ........#
..########.#########..##
#....# .# .# ####... . #
..# .. .


You could see a kobold (inner flame).

Vanquished Creatures
  A dart slug (D:1)
  2 ball pythons (D:1)
  3 bats (D:1)
  An endoplasm (D:1)
  4 giant cockroaches (D:1)
  A goblin (D:1)
  8 jackals (D:1)
  A kobold (D:1)
  2 rats (D:1)
23 creatures vanquished.

Notes
Turn   | Place    | Note
-------+----------+-------------------------------------------
     0 | Abyss:1  | croobank the Demonspawn Abyssal Knight began the quest for
                  | the Orb.
     0 | Abyss:1  | Reached XP level 1. HP: 18/18 MP: 2/2
    67 | D:1      | Escaped the Abyss
    77 | D:1      | Noticed a lindwurm
    77 | D:1      | Noticed a black bear
    77 | D:1      | Noticed a wyvern
    77 | D:1      | Noticed a hound
    83 | D:1      | Reached skill level 1 in Dodging
   244 | D:1      | Gained mutation: You are partially covered in thin metallic
                  | scales. (AC +2) [demonic ancestry]
   244 | D:1      | Reached XP level 2. HP: 24/24 MP: 4/4
   376 | D:1      | Killed by an exploding jackal... ignited by their inner
                  | flame

Illustrated notes

Levels and vault maps discovered:
D:1:      onia_arrival_zoo_common, layout_rooms, minmay_hexomino_f4

Skill      XL: |  1  2 |
---------------+-------+-----
Dodging        | 1 |  1.3
Axes           | 2 |  2.1
Armour         | 2 |  2.1
Invocations    | 3 |  3.0
Fighting       | |  3.2

Action                   || total
-------------------------++-------
Melee: Hand axe          ||    75
       Punch             ||     2
  Use: Scroll            ||     1
Armor: Leather armour    ||    32
Dodge: Dodged            ||    67

Table legend: (Time is in decaauts)
 A = Elapsed time spent in this place.
 B = Non-inter-level travel time spent in this place.
 C = Inter-level travel time spent in this place.
 D = Time resting spent in this place.
 E = Time spent auto-exploring this place.
 F = Levels seen in this place.
 G = Mean time per level.
                   A        B        C        D        E       F      G
               +--------+--------+--------+--------+--------+-----+--------+
         Total |    393 |    393 |      0 |      0 |    162 |   2 |  196.5 |
       Dungeon |    323 |    323 |      0 |      0 |    138 |   1 |  323.0 |
         Abyss |     70 |     70 |      0 |      0 |     24 |   1 |   70.0 |
               +--------+--------+--------+--------+--------+-----+--------+

Top non-repeatable levels by time:
     D:1: 323 daAuts
 Abyss:1: 70 daAuts
